 Dungeon Crawl Stone Soup version 0.29.1 (webtiles) character file.

Game seed: 8286773282345401762

192 pacmanke6689 the Insei (level 5, 0/41 HPs)
             Began as a Demonspawn Monk on Sept 15, 2022.
             Killed by divine providence
             ... invoked by an orc priest
              (15 damage)
             ... on level 4 of the Dungeon.
             The game lasted 00:07:50 (3356 turns).

pacmanke6689 the Insei (Demonspawn Monk)            Turns: 3356, Time: 00:07:50

Health: 0/41       AC:  6    Str: 13    XL:     5   Next: 42%
Magic:  5/5        EV: 13    Int: 12    God:
Gold:   160        SH:  0    Dex: 15    Spells: 4/4 levels left

rFire   . . .      SeeInvis .     - Unarmed
rCold   . . .      Faith    .   (no shield)
rNeg    . . .      Spirit   .   a - +0 robe
rPois   .          Reflect  .   p - +0 helmet
rElec   .          Harm     .   (no cloak)
rCorr   .          Rampage  .   c - +0 pair of gloves
Will    .....                   (no boots)
Stlth   ++........              (no amulet)
HPRegen 0.13/turn               (no ring)
MPRegen 0.09/turn               (no ring)

@: studying Conjurations
A: icy blue scales 1, foul stench 1, spiny 1
a: no special abilities


You were on level 4 of the Dungeon.
You visited 1 branch of the dungeon, and saw 4 of its levels.

You collected 160 gold pieces.

Inventory:

Armour
 a - a +0 robe (worn)
 c - a +0 pair of gloves (worn)
 p - a +0 helmet (worn)
Jewellery
 e - an amulet of faith
 h - a ring of magical power
 j - a ring of magical power
 k - a ring of willpower
 o - a ring of positive energy
Wands
 b - a wand of flame (11)
Scrolls
 d - a scroll of amnesia
 m - a scroll of fog
 n - a scroll of identify
 r - a scroll of torment
Potions
 f - 4 potions of curing {unknown}
 g - 2 potions of attraction {unknown}
 i - a potion of magic {unknown}
 l - a potion of lignification {unknown}
 q - a potion of heal wounds {unknown}


   Skills:
 + Level 3.4 Fighting
 + Level 3.7 Dodging
 + Level 2.8 Stealth
 + Level 4.2 Unarmed Combat


You had 4 spell levels left.
You didn't know any spells.
Your spell library contained the following spells:

 Spells                   Type           Power      Damage    Failure   Level
 Sublimation of Blood     Necr           0%         N/A       45%         2
 Wereblood                Tmut           0%         N/A       45%         2
 Summon Hydra             Summ           0%         N/A       100%        7


Dungeon Overview and Level Annotations

Branches:
Dungeon (4/15)
 Temple: D:4-7

Altars:
Sif Muna


Innate Abilities, Weirdness & Mutations

You are partially covered in icy blue scales. (AC +2)
You may rarely emit foul miasma when damaged in melee.
You are partially covered in sharp spines.


Message History

You kill the orc!
The orc is struck by your spines. The orc closely misses you.
The orc wizard attacks as you move away!
The orc wizard is struck by your spines.
The orc wizard hits you with a +0 dagger.
You see here a fizzy inky potion.
The orc wizard attacks as you move away!
The orc wizard hits you but does no damage.
The orc wizard gestures wildly while chanting.
The orc wizard flickers and vanishes!
Deactivating autopickup; reactivate with Ctrl-A.
You hear some strange, mumbled words.
A magic dart appears from out of thin air!
The magic dart hits you.
You hit something but do no damage.
You hear some strange, mumbled words.
A magic dart appears from out of thin air!
The magic dart hits you.
You miss something.
The orc priest calls down the wrath of Beogh upon you.
Beogh smites you! Something hits you.
You miss something. Something hits you.
You emit a cloud of foul miasma!
Unknown command.
You barely miss something. Something barely misses you.
You barely miss something.
Reactivating autopickup.
You feel a bit more experienced. The orc is struck by your spines.
The orc barely misses you. The orc is struck by your spines.
The orc misses you.
Things that are here:
a +0 dagger; a +0 robe You closely miss the orc.
The orc is severely wounded.
The orc is struck by your spines.
You kill the orc!
The orc is struck by your spines.
You kill the orc!
The orc priest calls down the wrath of Beogh upon you.
Beogh smites you!
You die...

.........##
#..........#
#..........#
#..........##
#...........##
#.......<....#
#>.........#.#
#......o.).#
#####)@##.#
##☼# .# #.# .#
#.# o. #.# #.
#.# .. #.# #.#
#.#


You could see an orc priest.

Vanquished Creatures
  An iguana (D:3)
  Jessica (D:2)
  An orc wizard (D:4)
  3 adders
  A worm (D:3)
  2 dart slugs (D:1)
  5 orcs
  13 ball pythons
  11 endoplasms
  A giant cockroach (D:1)
  3 goblins
  5 hobgoblins
  3 quokkas
  8 bats
  3 frilled lizards
  3 kobolds (D:1)
  4 rats
68 creatures vanquished.

Notes
Turn   | Place    | Note
-------+----------+-------------------------------------------
     0 | D:1      | pacmanke6689 the Demonspawn Monk began the quest for the
                  | Orb.
     0 | D:1      | Reached XP level 1. HP: 18/18 MP: 1/1
    58 | D:1      | Found Texosy's General Store.
   591 | D:1      | Gained mutation: You are partially covered in icy blue
                  | scales. (AC +2) [demonic ancestry]
   591 | D:1      | Reached XP level 2. HP: 24/24 MP: 2/2
  1005 | D:1      | Reached skill level 3 in Unarmed Combat
  1247 | D:1      | Found a faded altar of an unknown god.
  1342 | D:1      | Reached XP level 3. HP: 29/29 MP: 3/3
  1520 | D:2      | Noticed Jessica
  1539 | D:2      | Killed Jessica
  1614 | D:2      | Gained mutation: You may rarely emit foul miasma when
                  | damaged in melee. [demonic ancestry]
  1614 | D:2      | Reached XP level 4. HP: 30/35 MP: 4/4
  1676 | D:2      | You fall into a shaft and drop 1 floor!
  2241 | D:2      | Identified a scroll of acquirement
  2241 | D:2      | Acquired a manual of Conjurations
  2454 | D:3      | Found a shimmering blue altar of Sif Muna.
  2941 | D:3      | Reached skill level 4 in Unarmed Combat
  2941 | D:3      | Gained mutation: You are partially covered in sharp spines.
                  | [demonic ancestry]
  2941 | D:3      | Reached XP level 5. HP: 27/41 MP: 5/5
  3356 | D:4      | Killed from afar by an orc priest

Illustrated notes

Levels and vault maps discovered:
D:1:      saegor_arrival_simple_d, layout_basic, serial_shops,
          nicolae_shop_statue_plus, dreamdust_ecumenical_altar_angels_and_demons
D:2:      layout_loops_ring, serial_glass, glass_columns_a, glass_columns_a,
          glass_columns_a, glass_columns_a, minmay_split_cup_large, uniq_jessica
D:3:      layout_basic, general_overflow_altar, serial_park_tiny_pond,
          minmay_strange_pillars
D:4:      layout_rooms, mainiacjoe_overflow_24_doors,
          ebering_ghost_reflecting_pool, chequers_serial_rivers_micro_d,
          minmay_shop_grid_forest, cheibrodos_gnoll_hut, uniq_ijyb, uniq_pikel,
          uniq_sigmund

Skill      XL: |  1  2  3  4 |
---------------+-------------+-----
Dodging        | 3 |  3.7
Unarmed Combat | 3 4 |  4.2
Stealth        | 2 |  2.8
Fighting       | |  3.4

Action                   |  1- 3 |  4- 6 || total
-------------------------+-------+-------++-------
Melee: Unarmed           |   128 |   118 ||   246
       Punch             |     2 |     2 ||     4
  Use: Scroll            |     4 |     6 ||    10
       Potion            |       |     1 ||     1
 Stab: Sleeping          |     6 |     3 ||     9
       Fleeing           |     1 |       ||     1
Armor: Robe              |    42 |    42 ||    84
Dodge: Dodged            |    92 |    90 ||   182
